 Dungeon Crawl Stone Soup version 0.27-a0-1281-ge233d83751 (console) character file.

Game seed: 14017687778830863488

23 Hector the Chopper (level 2, -1/23 (26) HPs)
             Began as a Hill Orc Abyssal Knight on June 14, 2021.
             Was a Follower of Lugonu.
             Slain by an adder (3 damage)
             ... on level 2 of the Dungeon.
             The game lasted 00:02:38 (1135 turns).

Hector the Chopper (Hill Orc Abyssal Knight)        Turns: 1135, Time: 00:02:39

HP:   -1/23 (26)    AC:  5    Str: 14    XL:     2   Next: 95%
MP:   3/3           EV: 11    Int: 12    God:    Lugonu [*.....]
Gold: 23            SH:  0    Dex: 10    Spells: 1/1 levels left

rFire    . . .     SeeInvis .   a - +1 hand axe
rCold    . . .     Faith    .   (no shield)
rNeg     . . .     Spirit   .   b - +0 leather armour
rPois    .         Reflect  .   (no helmet)
rElec    .         Harm     .   (no cloak)
rCorr    .         Rampage  .   (no gloves)
Will     .....                  e - +1 pair of boots
Stlth    +.........             (no amulet)
HPRegen  0.07/turn              (no ring)
MPRegen  0.08/turn              (no ring)

@: very slightly contaminated, heavily drained, invisible
A: no striking features
a: Renounce Religion, Depart the Abyss


You were on level 2 of the Dungeon.
You worshipped Lugonu.
Lugonu was aware of your devotion.
You visited 1 branch of the dungeon, and saw 2 of its levels.
You visited the Abyss 1 time.

You collected 23 gold pieces.

Inventory:

Hand Weapons
 a - a +1 hand axe (weapon)
Missiles
 d - 28 sling bullets
Armour
 b - a +0 leather armour (worn)
 e - a +1 pair of boots (worn)
Scrolls
 f - a scroll of summoning {unknown}
 g - a scroll of teleportation {unknown}
 h - a scroll of fear {unknown}
 i - a scroll of magic mapping {unknown}
 j - a scroll of blinking {unknown}
 k - a scroll of identify {unknown}
Potions
 c - a potion of invisibility


   Skills:
 - Level 3.6 Fighting
 * Level 4.5 Axes
 - Level 2.1 Armour
 - Level 0.7 Dodging
 - Level 2.4 Invocations


You had one spell level left.
You didn't know any spells.
Your spell library was empty.

Dungeon Overview and Level Annotations

Branches:
Dungeon (2/15)

Altars:

Shops:
D:1 ::   D:2 *


Message History

You closely miss the adder.
The adder is heavily wounded.
The adder bites you.
You are poisoned.
The adder poisons you!
You barely miss the adder.
The adder is heavily wounded.
You hit the endoplasm but do no damage. You hit the hobgoblin but do no damage.
You feel sick. The adder bites you.
You are more poisoned.
The adder poisons you!
The hobgoblin hits you but does no damage.
The endoplasm freezes you.
You are frozen.
The adder bites you but does no damage.
The hobgoblin hits you but does no damage.
You are too injured to fight recklessly!
Unknown command.
You feel sick.
You feel sick.
You feel sick. The adder bites you but does no damage.
You feel sick.
You feel sick. The adder bites you.
* * * LOW HITPOINT WARNING * * *
Found 5 gold pieces.
* * * LOW HITPOINT WARNING * * *
You feel sick.
You are no longer poisoned.
Unknown command.
It was a potion of invisibility.
You fade into invisibility!
The endoplasm barely misses you.
You are very lightly contaminated with residual magic.
The endoplasm jiggles.
The hobgoblin throws a javelin.
The javelin pierces through the endoplasm!
The endoplasm dies!
The adder misses you. The adder misses you. The adder bites you.
You die...

..# ###................... ..#
#..................... ..#
#.....####....)....... ..#
#.....# #............ ..#
#.....# #............
..###.....####............
.................#########
..###............##############
#>..............@S...g.........
##########.......######......##
#.......# ####........
#.......###........$..
#...........##........
#######.....##g....#..
#.....##.....# . #.....##.....#
###########.##.....##


You could see an adder and a hobgoblin.

Vanquished Creatures
  A worm (D:2)
  A dart slug (D:2)
  A ball python (D:1)
  6 goblins (D:1)
  2 hobgoblins (D:1)
  A quokka (D:1)
  2 frilled lizards (D:1)
  2 kobolds
  A rat (D:1)
17 creatures vanquished.

Vanquished Creatures (others)
  An endoplasm (D:2)
1 creature vanquished.

Grand Total: 18 creatures vanquished

Notes
Turn   | Place    | Note
-------+----------+-------------------------------------------
     0 | Abyss:1  | Hector the Hill Orc Abyssal Knight began the quest for the
                  | Orb.
     0 | Abyss:1  | Reached XP level 1. HP: 19/19 MP: 2/2
    27 | D:1      | Escaped the Abyss
    48 | D:1      | Found Hapuegirr's Book Shoppe.
    57 | D:1      | Reached skill level 3 in Axes
   241 | D:1      | Reached XP level 2. HP: 17/26 MP: 3/3
   547 | D:1      | Found a faded altar of an unknown god.
   561 | D:1      | Found Heitakho's Book Shop.
   626 | D:1      | Reached skill level 4 in Axes
  1105 | D:2      | Found Giagopie's General Store.
  1119 | D:2      | HP: 1/23 [poisoned by an adder]
  1135 | D:2      | Slain by an adder

Illustrated notes

Levels and vault maps discovered:
D:1:      dpeg_arrival_line_fractal, layout_basic,
          shapermc_ecumenical_altar_mp_highgroup, serial_shops,
          nicolae_shop_competitors_out_of_business, shop
D:2:      layout_basic, serial_shops, shop, minmay_lizard_king

Skill      XL: |  1  2 |
---------------+-------+-----
Axes           | 3 4 |  4.5
Fighting       | |  3.6
Armour         | |  2.1
Dodging        | |  0.7
Invocations    | |  2.4

Action                   || total
-------------------------++-------
Melee: Hand axe          ||    52
  Use: Potion            ||     1
Armor: Leather armour    ||    12
Dodge: Dodged            ||    22

Table legend: (Time is in decaauts)
 A = Elapsed time spent in this place.
 B = Non-inter-level travel time spent in this place.
 C = Inter-level travel time spent in this place.
 D = Time resting spent in this place.
 E = Time spent auto-exploring this place.
 F = Levels seen in this place.
 G = Mean time per level.
                   A        B        C        D        E       F      G
               +--------+--------+--------+--------+--------+-----+--------+
         Total |   1142 |   1058 |     84 |    155 |    708 |   3 |  380.7 |
       Dungeon |   1115 |   1031 |     84 |    155 |    700 |   2 |  557.5 |
         Abyss |     27 |     27 |      0 |      0 |      8 |   1 |   27.0 |
               +--------+--------+--------+--------+--------+-----+--------+

Top non-repeatable levels by time:
     D:1: 792 daAuts
     D:2: 323 daAuts
 Abyss:1: 27 daAuts
